 Dungeon Crawl Stone Soup version 0.27-a0-1278-g6cbc8dfb29 (webtiles) character file.

Game seed: 13526615669234063342

422 2FriedEggs the Insei (level 6, -13/40 HPs)
             Began as an Octopode Transmuter on June 12, 2021.
             Mangled by an orc priest (19 damage)
             ... on level 4 of the Dungeon.
             The game lasted 00:08:27 (6064 turns).

2FriedEggs the Insei (Octopode Transmuter)          Turns: 6064, Time: 00:08:28

Health: -13/40     AC:  2    Str: 10    XL:     6   Next: 95%
Magic:  6/9        EV: 20    Int: 16    God:
Gold:   166        SH:  0    Dex: 18    Spells: 3/9 levels left

rFire    . . .     SeeInvis .     - Unarmed
rCold    . . .     Faith    .   (shield currently unavailable)
rNeg     . . .     Spirit   .   (helmet currently unavailable)
rPois    x         Reflect  .   (no amulet)
rElec    .         Harm     .   (no ring)
rCorr    .         Rampage  .   (no ring)
Will     .....                  (no ring)
Stlth    ++........             (no ring)
HPRegen  0.13/turn              (no ring)
MPRegen  0.11/turn              (no ring)
                                (no ring)
                                (no ring)

@: spider-form (expiring), wereblooded, studying Throwing
A: venomous fangs, almost no armour, (amphibious), 8 rings, tiny, (camouflage
1), (gelatinous body 1), (nimble swimmer 1), (tentacles)
a: End Transformation


You were on level 4 of the Dungeon.
You were a venomous arachnid creature.
You visited 2 branches of the dungeon, and saw 5 of its levels.

You collected 166 gold pieces.

Inventory:

Missiles
 n - 6 poisoned darts
Scrolls
 b - 2 scrolls of blinking {unknown}
 f - 2 scrolls of teleportation {unknown}
 k - 2 scrolls of identify {unknown}
 l - a scroll of brand weapon {unknown}
 m - a scroll of acquirement {unknown}
Potions
 a - 3 potions of heal wounds {unknown}
 c - 3 potions of ambrosia {unknown}
 d - a potion of invisibility {unknown}
 e - 3 potions of curing {unknown}
 g - a potion of cancellation {unknown}
 h - a potion of lignification {unknown}
 i - a potion of haste {unknown}
 j - 2 potions of berserk rage {unknown}


   Skills:
 + Level 2.3 Fighting
 + Level 3.1 Dodging
 * Level 4.8 Unarmed Combat
 - Level 2.0 Spellcasting
 + Level 4.5 Transmutations
 - Level 2.0 Poison Magic


You had 3 spell levels left.
You knew the following spells:

 Your Spells              Type           Power      Damage    Failure   Level
a - Beastly Appendage     Tmut           32%        N/A       11%         1
b - Wereblood             Tmut           16%        N/A       14%         2
c - Spider Form           Tmut/Pois      6%         N/A       34%         3

Your spell library contained the following spells:

 Spells                   Type           Power      Damage    Failure   Level
 Ice Form                 Ice/Tmut       8%         N/A       82%         4


Dungeon Overview and Level Annotations

Branches:
Dungeon (4/15)             Temple (1/1) D:4

Altars:
Dithmenos
Fedhas
Hepliaklqana
Makhleb
Nemelex Xobeh
Sif Muna
Trog
Uskayaw
Vehumet
Wu Jian
Zin
The Shining One


Innate Abilities, Weirdness & Mutations

You are a venomous arachnid creature.
You have poisonous fangs.
You are tiny and dextrous.
Your spellcasting is less reliable in this form.
Your armour is entirely melded.
You are incapable of wielding weapons or throwing items.
You cannot wear most types of armour.
((You are amphibious.))
You can wear up to eight rings at the same time.
((Your skin changes colour to match your surroundings (Stealth+).))
((Your rubbery body absorbs attacks. (AC +1, EV +1)))
((You are camouflaged near water. (Stealth+)))
((You have tentacles for arms and can constrict up to eight enemies at once.))


Message History

The orc priest is poisoned.
The orc priest is moderately wounded.
The orc priest calls upon Beogh to heal the orc priest.
The orc priest is healed somewhat.
The orc priest hits you with a +5 morningstar.
You hit the orc priest but do no damage.
The orc priest looks as sick as possible!
The orc priest is lightly wounded.
Your transformation is almost over.
The orc priest closely misses you.
You hit the orc priest but do no damage.
The orc priest looks as sick as possible!
The orc priest is lightly wounded.
The orc priest invokes the aid of Beogh against you.
Beogh smites you! The orc priest misses you.
You barely miss the orc priest.
The orc priest is moderately wounded.
The orc priest completely misses you.
You hit the orc priest.
The orc priest is lightly wounded.
The orc priest completely misses you. The orc barely misses you.
You hit the orc priest.
The orc priest is poisoned.
The orc priest is moderately wounded.
The orc priest mumbles some strange prayers to Beogh against you.
Pain shoots through your body!
The orc priest invokes the aid of Beogh against you.
Beogh smites you!
* * * LOW HITPOINT WARNING * * *
The orc closely misses you.
You hit the orc priest.
The orc priest looks as sick as possible!
The orc priest is almost dead.
The orc priest hits you with a +0 dagger.
* * * LOW HITPOINT WARNING * * *
The orc priest closely misses you. The orc misses you.
Unknown command.
You hit the orc priest.
You feel a bit better.
You kill the orc priest!
The orc priest hits you with a +5 morningstar!!
You die...

##...###.............##.#####.
#..# #..................##..
... ##......................
##.......>......##.......
.............#.####.##..#
../.........##.## ####.##
.............#..# #....#
.........#..##..####†..##
.......)s#...........#...
#.....##oo..[.......###..
##.#.# #{.[........##.... #
#.........#.[.........
...................<..<.
.....#..................
.....#..####............ ....
...# #....#....#..


.oo ...# #....####..... You could see an orc priest (very poisoned) and an orc.

Vanquished Creatures
  A necrophage (D:3)
  A scorpion (D:4)
  A hound (D:2)
  An orc priest (D:4)
  An iguana (D:3)
  A hound skeleton (D:4)
  A howler monkey zombie (D:4)
  9 adders
  A white imp (D:3)
  2 adder skeletons (D:4)
  2 dart slugs
  4 orcs (D:4)
  8 endoplasms
  2 giant cockroaches
  10 goblins
  6 hobgoblins
  14 jackals
  6 kobolds
  7 quokkas
  8 ball pythons
  3 bats
  7 frilled lizards (D:1)
  3 rats (D:1)
99 creatures vanquished.

Vanquished Creatures (others)
  A goblin (D:2)
1 creature vanquished.

Grand Total: 100 creatures vanquished

Notes
Turn   | Place    | Note
-------+----------+-------------------------------------------
     0 | D:1      | 2FriedEggs the Octopode Transmuter began the quest for the
                  | Orb.
     0 | D:1      | Reached XP level 1. HP: 13/13 MP: 3/3
    97 | D:1      | Reached XP level 2. HP: 8/18 MP: 3/5
   152 | D:1      | Learned a level 2 spell: Wereblood
   510 | D:1      | Reached XP level 3. HP: 20/23 MP: 2/6
   583 | D:1      | Learned a level 3 spell: Spider Form
  1389 | D:1      | Reached skill level 1 in Poison Magic
  1647 | D:2      | Reached XP level 4. HP: 16/28 MP: 4/7
  2544 | D:2      | Reached XP level 5. HP: 25/33 MP: 4/8
  2671 | D:2      | Found a faded altar of an unknown god.
  3482 | D:3      | Found an ornate altar of the Wu Jian Council.
  4879 | D:4      | Noticed a necrophage
  4963 | D:3      | Killed a necrophage
  4964 | D:3      | Reached XP level 6. HP: 17/39 MP: 3/9
  5401 | D:4      | Found a staircase to the Ecumenical Temple.
  5413 | Temple   | Entered the Ecumenical Temple
  6064 | D:4      | Mangled by an orc priest

Illustrated notes

Levels and vault maps discovered:
D:1:      minmay_arrival_three_doors, layout_basic, minmay_lizard_pond
D:2:      layout_loops_ring, hellmonk_ecumenical_altar_blasted,
          lemuel_old_faithful
D:3:      layout_loops_corners, nicolae_overflow_hidden_temple
D:4:      layout_cave_pools, minmay_temple_entry_drinking_statues,
          minmay_manual_mess
Temple:   minmay_freezing_vapour_temple

Skill      XL: |  1  2  3  4  5  6 |
---------------+-------------------+-----
Transmutations | 3 4 |  4.5
Poison Magic   | 1 2 |  2.0
Unarmed Combat | 4 |  4.8
Fighting       | 2 |  2.3
Dodging        | 3 |  3.1
Spellcasting   | |  2.0

Action                   |  1- 3 |  4- 6 || total
-------------------------+-------+-------++-------
Melee: Unarmed           |    89 |   191 ||   280
       Constrict         |    28 |     2 ||    30
       Kick              |    13 |       ||    13
       Tentacles         |    11 |     2 ||    13
       Punch             |     1 |       ||     1
 Cast: Beastly Appendage |    18 |     1 ||    19
       Wereblood         |     2 |     3 ||     5
       Spider Form       |     2 |    33 ||    35
 Stab: Sleeping          |     6 |     1 ||     7
Armor: Skin              |    10 |     7 ||    17
Dodge: Dodged            |    51 |   147 ||   198

Table legend: (Time is in decaauts)
 A = Elapsed time spent in this place.
 B = Non-inter-level travel time spent in this place.
 C = Inter-level travel time spent in this place.
 D = Time resting spent in this place.
 E = Time spent auto-exploring this place.
 F = Levels seen in this place.
 G = Mean time per level.
                   A        B        C        D        E       F      G
               +--------+--------+--------+--------+--------+-----+--------+
         Total |   6046 |   5929 |    117 |   1523 |   3638 |   5 | 1209.2 |
       Dungeon |   5971 |   5872 |     99 |   1523 |   3628 |   4 | 1492.8 |
        Temple |     74 |     56 |     18 |      0 |     10 |   1 |   74.0 |
               +--------+--------+--------+--------+--------+-----+--------+

Top non-repeatable levels by time:
     D:3: 2204 daAuts
     D:1: 1557 daAuts
     D:2: 1350 daAuts
     D:4: 859 daAuts
  Temple: 74 daAuts
